 Dungeon Crawl Stone Soup version 0.29-a0-251-g80730f7218 (webtiles) character file.

Game seed: 4504500750731249724

107 Ordine the Slasher (level 4, -7/24 (27) HPs)
             Began as a Tengu Warper on Mar 5, 2022.
             Mangled by a hell rat (10 damage)
             ... in a sewer.
             The game lasted 00:08:15 (3101 turns).

Ordine the Slasher (Tengu Warper)                   Turns: 3101, Time: 00:08:15

HP:   -7/24 (27)    AC: 10    Str: 18    XL:     4   Next: 85%
MP:   8/8           EV:  7    Int: 13    God:
Gold: 128           SH:  0    Dex: 15    Spells: 7/7 levels left

rFire   . . .      SeeInvis .   a - +0 falchion
rCold   . . .      Faith    .   (no shield)
rNeg    . . .      Spirit   .   r - +0 chain mail
rPois   .          Reflect  .   (helmet restricted)
rElec   .          Harm     .   s - +0 cloak
rCorr   .          Rampage  .   p - +0 pair of gloves
Will    .....                   (boots unavailable)
Stlth   ..........              (no amulet)
HPRegen 0.08/turn               o - +6 ring of strength
MPRegen 0.11/turn               (no ring)

@: hasted, heavily drained, very quick
A: beak, talons 3
a: no special abilities


You were in a sewer.
You visited 1 branch of the dungeon, and saw 3 of its levels.
You also visited: Sewer.

You collected 128 gold pieces.

Inventory:

Hand Weapons
 a - a +0 falchion (weapon)
Missiles
 d - 5 boomerangs of dispersal
 f - 3 poisoned darts
 n - 2 boomerangs
Armour
 p - a +0 pair of gloves (worn)
 r - a +0 chain mail (worn)
 s - a +0 cloak (worn)
Jewellery
 o - a +6 ring of strength (left hand)
Scrolls
 b - 2 scrolls of enchant weapon {unknown}
 c - a scroll of blinking
 e - 4 scrolls of identify {unknown}
 g - 2 scrolls of enchant armour {unknown}
 i - a scroll of fog {unknown}
 j - 2 scrolls of noise {unknown}
 k - a scroll of magic mapping {unknown}
 l - a scroll of summoning {unknown}
 t - 3 scrolls of teleportation {unknown}
Potions
 h - a potion of haste
 m - a potion of brilliance {unknown}
 q - 3 potions of might
 u - a potion of curing {unknown}
 v - a potion of flight {unknown}
 w - a potion of lignification {unknown}


   Skills:
 + Level 2.9 Fighting
 * Level 4.1 Long Blades
 + Level 2.2 Throwing
 - Level 1.1 Armour
 - Level 2.1 Dodging
 - Level 2.0 Spellcasting
 - Level 2.4 Translocations


You had 7 spell levels left.
You didn't know any spells.
Your spell library contained the following spells:

 Spells                   Type           Power      Damage    Failure   Level
 Blink                    Tloc           14%        N/A       91%         2
 Gell's Gravitas          Tloc           7%         N/A       99%         3
 Lesser Beckoning         Tloc           7%         N/A       99%         3
 Teleport Other           Tloc           7%         N/A       99%         3
 Manifold Assault         Tloc           7%         N/A       100%        5


Dungeon Overview and Level Annotations

Branches:
Dungeon (3/15)              Sewer (1/1)

Altars:

Shops:
D:1 [


Innate Abilities, Weirdness & Mutations

You have a beak for a mouth.
You have claws for feet.


Message History

You enter the shallow water.
Moving in this stuff is going to be slow.
You see here a rat corpse.
You hit the rat.
You kill the rat!
No target in view!
You open the door.
A hell rat comes into view.
The hell rat moves out of view.
Found four items.
Found a gate leading back out of this place.
No target in view!
You enter the shallow water.
Moving in this stuff is going to be slow.
Found three items.
The hell rat splashes around in the water.
There is an open door here.
You hit the hell rat. You claw the hell rat. You peck the hell rat.
The hell rat is heavily wounded.
The hell rat bites you but does no damage.
You hit the hell rat. Your peck misses the hell rat.
The hell rat is severely wounded.
The hell rat splashes around in the water.
You closely miss the hell rat.
You claw the hell rat, but do no damage.
The hell rat is severely wounded.
The hell rat bites you!
You feel drained. The hell rat barely misses you.
You barely miss the hell rat. You claw the hell rat.
You peck the hell rat, but do no damage.
The hell rat is almost dead.
The hell rat bites you!
You are too injured to fight recklessly!
You hit the hell rat but do no damage. Your kick misses the hell rat.
The hell rat is almost dead.
The hell rat bites you.
* * * LOW HITPOINT WARNING * * *
You feel drained.
* * * LOW HITPOINT WARNING * * *
It was a potion of haste.
You feel yourself speed up. The hell rat bites you!
You die...

#########
###≈≈.≈≈≈≈###
#≈..≈≈≈.†≈.≈###
.≈≈≈.##@##.≈≈≈≈#
.≈≈ #≈r.###.≈≈##
≈ ≈≈≈≈≈≈≈##..≈# ≈
#≈.≈≈≈≈≈..#≈..#
.≈##.?(!?!≈##≈≈.#
..≈###!∩!###≈≈≈##
.≈≈..#####.†≈≈≈#
#≈.≈.≈∩.≈...###
#≈≈≈∩≈.†###


You could see a hell rat.

Vanquished Creatures
  A river rat (Sewer)
  2 adders
  2 worms (D:2)
  2 dart slugs (D:2)
  4 endoplasms
  5 giant cockroaches
  7 goblins
  7 hobgoblins
  2 jackals (D:1)
  5 kobolds
  5 quokkas
  6 ball pythons
  5 bats
  5 frilled lizards
  11 rats
69 creatures vanquished.

Notes
Turn   | Place    | Note
-------+----------+-------------------------------------------
     0 | D:1      | Ordine the Tengu Warper began the quest for the Orb.
     0 | D:1      | Reached XP level 1. HP: 12/12 MP: 4/4
   305 | D:1      | Reached XP level 2. HP: 17/17 MP: 6/6
   837 | D:1      | Reached skill level 3 in Long Blades
  1153 | D:1      | Reached XP level 3. HP: 22/22 MP: 7/7
  1567 | D:1      | Found Xehaq's Antique Armour Shoppe.
  1822 | D:2      | Reached XP level 4. HP: 27/27 MP: 8/8
  2204 | D:2      | HP: 1/27 [hobgoblin/+0 mace (13)]
  3062 | D:3      | Reached skill level 4 in Long Blades
  3062 | D:3      | Found a glowing drain.
  3071 | Sewer    | Entered a sewer
  3101 | Sewer    | Mangled by a hell rat

Illustrated notes

Levels and vault maps discovered:
D:1:      dpeg_arrival_ratfight, layout_loops_corners, serial_shops, shop,
          roderic_filled_cross, minmay_vboxes
D:2:      layout_loops_corners, grunt_ministairs_10, hangedman_decor_push
D:3:      layout_basic, hellmonk_ecumenical_altar_blasted, portal_sewer_entry_d,
          corexii_leaking_fountain, hex_intersection
Sewer:    sewer_hellmonk_bad_rat

Skill      XL: |  1  2  3  4 |
---------------+-------------+-----
Long Blades    | 3 4 |  4.1
Throwing       | 2 |  2.2
Fighting       | |  2.9
Armour         | |  1.1
Dodging        | |  2.1
Spellcasting   | |  2.0
Translocations | |  2.4

Action                   |  1- 3 |  4- 6 || total
-------------------------+-------+-------++-------
Melee: Falchion          |    87 |    56 ||   143
       Kick              |    13 |    17 ||    30
       Peck              |    11 |     9 ||    20
  Use: Potion            |       |     1 ||     1
Armor: Leather armour    |    23 |       ||    23
       Chain mail        |       |    23 ||    23
Dodge: Dodged            |    58 |    19 ||    77

Table legend: (Time is in decaauts)
 A = Elapsed time spent in this place.
 B = Non-inter-level travel time spent in this place.
 C = Inter-level travel time spent in this place.
 D = Time resting spent in this place.
 E = Time spent auto-exploring this place.
 F = Levels seen in this place.
 G = Mean time per level.
                   A        B        C        D        E       F      G
               +--------+--------+--------+--------+--------+-----+--------+
         Total |   3127 |   3080 |     47 |    258 |   2392 |   4 |  781.8 |
       Dungeon |   3092 |   3045 |     47 |    258 |   2386 |   3 | 1030.7 |
         Sewer |     35 |     35 |      0 |      0 |      6 |   1 |   35.0 |
               +--------+--------+--------+--------+--------+-----+--------+

Top non-repeatable levels by time:
     D:1: 1889 daAuts
     D:2: 1123 daAuts
     D:3: 79 daAuts
   Sewer: 35 daAuts
